Map: Ascension to Aiur LE

Players

Winthrowe

  • Race: Terran Terran
  • League: Silver
  • Spawn Location: 11:00

Nikitta

  • Race: Terran Terran

VOD

Have the link to the VOD?

Description

Time

  • Played on: Aug. 29, 2017, 6:07 p.m.
  • Length: 23:34
Show
View Real Time Build Order
Export as new Build Order

Winthrowe Terran 

Build Orders:  

Get SALT Encoding   

  12  0:04  SCV  
  13  0:26  Refinery  
  13  0:29  SCV  
  14  0:40  Supply Depot  
  14  0:54  SCV  
  15  1:11  SCV  
  15  1:19  Barracks  
  16  1:50  SCV  
  17  2:07  SCV  
  18  2:24  SCV  
  18  2:27  Marine  
  20  2:35  Supply Depot  
  20  2:42  Supply Depot  
  20  3:17  Marine  
  21  3:20  Factory  
  21  3:25  Supply Depot  
  21  3:41  Ghost Academy  
  21  3:43  SCV  
  22  3:58  Barracks Tech Lab  
  22  4:00  SCV  
  23  4:25  Command Center  
  23  4:26  Factory Tech Lab  
  23  4:34  Stimpack  
  23  5:10  Supply Depot, Marine  
  24  5:35  Marine  
  25  5:52  Barracks  
  25  6:00  Marine  
  26  6:16  Starport  
  26  6:29  SCV  
  27  6:31  Marine  
  28  6:46  SCV  
  29  6:55  Supply Depot  
  29  6:58  Marine  
  30  7:03  SCV  
  30  7:07  Bunker  
  31  7:13  Medivac  
  33  7:20  SCV  
  33  7:27  Factory Tech Lab  
  34  7:36  Fusion Core  
  34  7:37  Marauder x2, SCV  
  34  7:39  Refinery  
  39  8:14  SCV, Marine  
  39  8:15  Marine  
  42  8:27  Siege Tank  
  40  8:58  Marine x2  
  36  9:23  Marine x2  
  37  9:44  Starport Reactor  
  37  9:50  Siege Tank  
  37  9:53  Marine x2  
  42  10:09  Bunker  
  42  10:18  Marine x2  
  44  10:24  Siege Tank  
  44  10:36  Combat Shields  
  44  10:39  Concussive Shells  
  44  10:43  Marine x2  
  46  10:52  Bunker  
  46  11:23  Marine x2  
  46  11:26  Widow Mine  
  50  11:34  Viking  
  50  11:35  Viking  
  50  11:37  Engineering Bay  
  54  11:48  Marine x2  
  56  12:06  Hellion  
  58  12:13  Marine x2  
  58  12:16  Viking  
  58  12:17  Viking  
  64  12:29  Missile Turret  
  64  12:36  Hellion  
  66  12:53  Sensor Tower  
  66  13:00  Marine x2  
  66  13:06  Medivac x2, Hellion  
  74  13:25  Marine x2  
  72  13:53  Missile Turret  
  64  14:06  Marine x2  
  65  14:10  Siege Tank  
  68  14:24  Missile Turret  
  68  14:31  Marine  
  69  14:50  Marine  
  69  14:51  Marine  
  69  14:55  Siege Tank  
  69  14:56  Marauder  
  76  15:00  Missile Turret  
  76  15:15  Raven  
  78  15:27  Refinery  
  78  15:40  Missile Turret  
  78  15:47  Orbital Command x2  
  78  16:22  Command Center  
  78  17:28  Siege Tank x2  
  78  17:31  Supply Depot  
  78  17:36  Marauder  
  78  17:39  Marine  
  78  17:47  Marine  
  77  18:01  Viking, Siege Tank  
  77  18:02  Supply Depot  
  77  18:04  Marine  
  77  18:06  Marauder  
  85  18:12  Marine  
  83  18:22  Missile Turret  
  83  18:29  Marine  
  84  18:36  Marauder  
  84  18:37  Marine  
  87  18:43  Viking  
  87  18:46  Siege Tank  
  87  18:49  Missile Turret  
  92  18:54  Marine  
  93  19:00  Cloaking Field  
  93  19:02  Marine  
  93  19:06  Marauder  
  96  19:19  Marine  
  97  19:20  Terran Infantry Weapons Level 1  
  97  19:25  Medivac, Siege Tank x2  
  97  19:27  Supply Depot, Marine  
  100  19:31  Siege Tank  
  100  19:36  Marauder, Supply Depot  
  104  19:54  Marine x2  
  106  20:06  Marauder  
  106  20:07  Medivac  
  110  20:19  Marine x2  
  110  20:29  Siege Tank x4  
  108  20:49  Medivac  
  109  20:53  Infernal Pre-Igniter  
  109  21:27  Marauder  
  109  21:29  Marine x2  
  113  21:34  Hellion  
  113  21:37  Medivac  
  111  21:46  Supply Depot  
  102  21:54  Marine x2  
  102  21:57  Marauder  
  106  22:04  Hellion  
  108  22:19  Medivac  
  109  22:38  Supply Depot  
  109  22:44  Marine  
  109  22:45  Marine x2  
  115  23:09  Marine  
Show
View Real Time Build Order
Export as new Build Order

Nikitta Terran 

Build Orders:  

Get SALT Encoding   

Tags
 
Add a new tag
Caveats
  • Supply blocks, unpowered buildings, or Contaminate may cause inaccurate times.
  • Supply counts are checked every 10 seconds.